 Dungeon Crawl Stone Soup version bcrawl-1.39.1 (webtiles) character file.

Game seed: 16547932657381796562

208470 Grijm the Slasher (level 7, -4/54 HPs)
             Began as a High Elf Chaos Knight on Sept 12, 2023.
             Was an Initiate of Makhleb.
             Hit by a large rock thrown by a cyclops (19 damage)
             ... on level 7 of the Dungeon.
             The game lasted 00:21:40 (4309 turns).

Grijm the Slasher (High Elf Chaos Knight)           Turns: 4309, Time: 00:21:40

Health: -4/54      AC: 10    Str: 13    XL:     7   Next: 51%
Magic:  8/8        EV: 14    Int: 22    God:    Makhleb [......]
Gold:   278        SH:  6    Dex: 18    Spells: 6/6 levels left

rFire    . . .     GDR:     32% d - +0 falchion (vamp)
rCold    . . .     SeeInvis .   (no shield)
rNeg     . . .     Gourm    .   b - +2 leather armour
rPois    .         Faith    .   z - +0 helmet
rElec    .         Spirit   .   n - scarf {clouds}
rCorr    .         Reflect  .   r - +1 pair of gloves {Dex+3}
MR       .....                  u - +0 pair of boots
Stlth    +++.......             (no amulet)
HPRegen  0.19/turn              o - +6 ring of intelligence
MPRegen  0.11/turn              (no ring)

@: no status effects
A: obsessive focus, large bone plates 1, wild magic 1, MP-powered wands
a: Renounce Religion, Evoke Fog


You were on level 7 of the Dungeon.
You worshipped Makhleb.
Makhleb was noncommittal.
You were not hungry.

You visited 2 branches of the dungeon, and saw 8 of its levels.

You collected 278 gold pieces.

Inventory:

Hand Weapons
 d - a +0 vampiric falchion (weapon)
 p - a +3 short sword
 x - a +0 war axe of flaming
Missiles
 g - 951 sling bullets
 j - 2 throwing nets {=f}
Armour
 a - a +0 medium shield
 b - a +2 leather armour (worn)
 n - a scarf of clouds (worn)
 r - a +1 pair of gloves of dexterity (worn)
 u - a +0 pair of boots (worn)
 z - a +0 helmet (worn)
 C - the +2 leather armour of Gravitas {Str+2, unknown}
   (Xom gifted it to you on level 5 of the Dungeon)

   It affects your strength (+2).
Jewellery
 l - the ring of Dymucsu {+Fly Str-4 Int+4}
   (You took it off a kobold on level 2 of the Dungeon)

   [ring of flight]

   It affects your strength (-4).
   It affects your intelligence (+4).
   It lets you fly.
 o - a +6 ring of intelligence (left hand)
 t - an uncursed amulet of faith {unknown}
 B - an uncursed amulet of regeneration {unknown}
Scrolls
 c - 5 scrolls of teleportation
 f - 2 scrolls of amnesia
 q - 2 scrolls of fog
 s - a scroll of blinking {unknown}
 w - 2 scrolls of remove curse {unknown}
 y - a scroll of immolation {unknown}
Potions
 h - a potion of flight
 i - a potion of haste {unknown}
 k - a potion of resistance
 m - a potion of curing
 v - a potion of ambrosia {unknown}
Comestibles
 e - 5 rations {!d}


   Skills:
 + Level 4.0 Fighting
 + Level 6.9 Long Blades
 - Level 4.0 Armour
 - Level 4.0 Dodging
 - Level 4.0 Stealth


You had 6 spell levels left.
You didn't know any spells.
Your spell library was empty.

Dungeon Overview and Level Annotations

Branches:
Dungeon (7/12)             Temple (1/1) D:5
   Lair: D:7-9

Altars:
Ashenzari
Cheibriados
Elyvilon
Kikubaaqudgha
Makhleb
Nemelex Xobeh
Okawaru
Ru
Trog
Wu Jian
Yredelemnul
The Shining One

Annotations:
D:4 exclusions: howler monkey and 2 orc wizards, Duvessa


Innate Abilities, Weirdness & Mutations

You can't train low skills.
You expend magic power (3 MP) to strengthen your wands.
You are partially covered in large bone plates. (SH +4)
Your spells are a little harder to cast, but a little more powerful.


Message History

A rune on the stairs sparks and fizzles.
You climb upwards.
There is a stone staircase leading down here.
You aren't carrying any items that you can evoke.
Unknown command.
Okay, then.
You are now a beloved toy of Xom.
There is a stone staircase leading down here.
You climb downwards.
A rune on the stairs sparks and fizzles.
A cyclops comes into view.
You have encountered a dangerous foe!
The cyclops shouts!
The cyclops throws a large rock.
The large rock hits you!!!
Ouch! That really hurt!
* * * LOW HITPOINT WARNING * * *
There is a stone staircase leading up, spattered with blood here.
The cyclops throws a large rock.
The large rock hits you!!
You die...
Xom bursts into laughter!

. #
....#.###
#......@#
#.......#
#...C...#
###..####
##. #


You could see a cyclops.

Vanquished Creatures
  2 sky beasts
  An ogre (D:4)
  A centaur (D:5)
  A bullfrog zombie (D:3)
  A hound (D:4)
  Natasha (thrice) (D:3)
  2 iguanas
  2 worker ants
  A hound zombie (D:5)
  A howler monkey zombie (D:4)
  5 adders
  2 oozes (D:1)
  2 worms
  An adder skeleton (D:3)
  5 dart slugs
  2 leopard geckos (D:2)
  7 orcs
  6 bats
  4 giant cockroaches
  6 hobgoblins
  8 jackals
  2 quokkas
  2 ball pythons
  7 frilled lizards
  4 goblins
  8 kobolds
  6 rats
92 creatures vanquished.

Vanquished Creatures (others)
  An orc wizard (D:5)
  5 toadstools (D:1)
6 creatures vanquished.

Grand Total: 98 creatures vanquished

Notes
Turn   | Place    | Note
-------+----------+-------------------------------------------
     0 | D:1      | Grijm the High Elf Chaos Knight began the quest for the
                  | Orb.
     0 | D:1      | Reached XP level 1. HP: 18/18 MP: 2/2
    26 | D:1      | Reached skill level 1 in Stealth
    49 | D:1      | Reached skill level 4 in Long Blades
    54 | D:1      | Reached XP level 2. HP: 23/24 MP: 3/3
    82 | D:1      | XOM: silly message
   101 | D:1      | XOM: potion effect (invisibility)
   210 | D:1      | Reached XP level 3. HP: 27/29 MP: 4/4
   240 | D:1      | XOM: harmless Tmut miscast
   810 | D:1      | XOM: divination: detect creatures
   948 | D:2      | Identified the ring of Dymucsu {+Fly Str-4 Int+4}
   958 | D:2      | XOM: potion effect (invisibility)
  1068 | D:2      | XOM: harmless Conj miscast
  1157 | D:2      | XOM: polymorph worm -> ball python
  1163 | D:2      | Reached XP level 4. HP: 32/35 MP: 5/5
  2094 | D:3      | Noticed Natasha
  2110 | D:3      | XOM: smoke on damage
  2111 | D:3      | Killed Natasha
  2112 | D:3      | Reached XP level 5. HP: 32/42 MP: 6/6
  2203 | D:3      | Found an ornate altar of the Wu Jian Council.
  2251 | D:3      | XOM: give mutations
  2251 | D:3      | Gained mutation: Armour fits poorly on your strangely
                  | shaped body. [Xom's mischief]
  2251 | D:3      | Gained mutation: Your spells are a little harder to cast,
                  | but a little more powerful. [Xom's mischief]
  2396 | D:3      | Noticed Natasha
  2409 | D:3      | Killed Natasha
  2501 | D:3      | Noticed Natasha
  2503 | D:3      | XOM: harmless Conj miscast
  2519 | D:3      | Killed Natasha
  2621 | D:4      | Found a snail-covered altar of Cheibriados.
  2636 | D:3      | XOM: silly message
  2726 | D:4      | Reached skill level 5 in Long Blades
  2830 | D:4      | Found a bloodstained altar of Trog.
  2869 | D:4      | Reached XP level 6. HP: 48/48 MP: 7/7
  2896 | D:4      | XOM: noise
  3051 | D:4      | Noticed Duvessa
  3061 | D:4      | XOM: 3-stop teleportation journey
  3076 | D:4      | Reached skill level 6 in Long Blades
  3236 | D:4      | Found a bloodstained altar of Trog.
  3251 | D:4      | XOM is BORED!
  3251 | D:4      | XOM: give mutations
  3251 | D:4      | Gained mutation: You are partially covered in large bone
                  | plates. (SH +4) [Xom's mischief]
  3251 | D:4      | Gained mutation: You are partially covered in molten
                  | scales. (AC +2) [Xom's mischief]
  3251 | D:4      | Lost mutation: Armour fits poorly on your strangely shaped
                  | body. [Xom's mischief]
  3350 | D:5      | Entered Level 5 of the Dungeon
  3488 | D:5      | XOM: give mutation
  3488 | D:5      | Lost mutation: You are partially covered in molten scales.
                  | (AC +2) [Xom's mischief]
  3503 | D:5      | Noticed a sky beast
  3588 | D:5      | Killed a sky beast
  3589 | D:5      | Reached XP level 7. HP: 29/54 MP: 8/8
  3686 | D:5      | XOM: god gift: heavily runed leather armour {god gift}
  3697 | D:5      | Got a heavily runed leather armour {god gift}
  3737 | D:5      | Found a staircase to the Ecumenical Temple.
  3737 | D:5      | XOM: 4-stop teleportation journey
  3752 | D:5      | XOM: swap monsters
  3754 | D:5      | Noticed a hornet
  3758 | Temple   | Entered the Ecumenical Temple
  3911 | Temple   | Fell from the grace of Xom
  3911 | Temple   | Became a worshipper of Makhleb the Destroyer
  4253 | D:6      | Noticed a slime creature
  4270 | D:7      | Noticed a hippogriff
  4279 | D:7      | XOM: harmless Chrm miscast
  4308 | D:7      | Noticed a cyclops
  4309 | D:7      | Hit by a large rock thrown by a cyclops

Skill      XL: |  1  2  3  4  5  6  7 |
---------------+----------------------+-----
Stealth        | 1 2 3 4 |  4.0
Long Blades    | 4 5 6 |  6.9
Armour         | 2 3 4 |  4.0
Dodging        | 3 4 |  4.0
Fighting       | 4 |  4.0

Action                   |  1- 3 |  4- 6 |  7- 9 || total
-------------------------+-------+-------+-------++-------
Melee: Falchion          |   155 |   259 |    84 ||   498
  Use: Scroll            |     4 |     2 |     1 ||     7
       Potion            |       |     1 |       ||     1
 Stab: Invisible         |     4 |       |       ||     4
       Sleeping          |     4 |     7 |     5 ||    16
  Eat: Ration            |     1 |       |     1 ||     2
       Chunk             |     6 |    13 |     1 ||    20
Armor: Leather armour    |    55 |    64 |    27 ||   146
Dodge: Dodged            |    76 |   111 |    45 ||   232
Block: Other             |     3 |    23 |    11 ||    37
